 Dungeon Crawl Stone Soup version 0.29.1-15-g9cfb28693d (webtiles) character file.

Game seed: 8753485326638508557

234 kingofthe the Conjurer (level 5, -2/28 HPs)
             Began as a Deep Elf Conjurer on Mar 5, 2023.
             Slain by a gnoll bouda
             ... wielding a +1 whip of electrocution
              (18 damage)
             ... on level 4 of the Dungeon.
             The game lasted 00:05:16 (3577 turns).

kingofthe the Conjurer (Deep Elf Conjurer)          Turns: 3577, Time: 00:05:17

Health: -2/28      AC:  2    Str:  4    XL:     5   Next: 75%
Magic:  4/14       EV: 13    Int: 23    God:
Gold:   117        SH:  0    Dex: 15    Spells: 7/14 levels left

rFire   . . .      SeeInvis .   (no weapon)
rCold   + . .      Faith    .   (no shield)
rNeg    . . .      Spirit   .   a - +0 robe
rPois   .          Reflect  .   (no helmet)
rElec   .          Harm     .   (no cloak)
rCorr   .          Rampage  .   (no gloves)
Will    .....                   (no boots)
Stlth   ++........              (no amulet)
HPRegen 0.09/turn               C - ring of protection from cold
MPRegen 0.14/turn               (no ring)

@: no status effects
A: no striking features
a: no special abilities


You were on level 4 of the Dungeon.
You visited 1 branch of the dungeon, and saw 4 of its levels.

You collected 117 gold pieces.


   Skills:
 * Level 4.3 Dodging
 + Level 3.5 Stealth
 * Level 5.1 Spellcasting
 * Level 5.5 Conjurations
 * Level 0.6 Hexes


You had 7 spell levels left.
You knew the following spells:

 Your Spells              Type           Power      Damage    Failure   Level
a - Magic Dart            Conj           100%       1d8       1%          1
b - Searing Ray           Conj           62%        2d6       1%          2
c - Fulminant Prism       Conj/Hex       10%        3d9       26%         4

Your spell library contained the following spells:

 Spells                   Type           Power      Damage    Failure   Level
 Dazzling Flash           Conj/Hex       40%        N/A       8%          3
 Gell's Gravitas          Tloc           5%         N/A       28%         3
 Lesser Beckoning         Tloc           5%         N/A       28%         3
 Teleport Other           Tloc           5%         N/A       28%         3
 Iskenderun's Mystic Bla  Conj/Tloc      18%        2d6       30%         4
 Animate Armour           Summ/Erth      10%        N/A       67%         4
 Blade Hands              Tmut           2%         N/A       95%         5
 Iron Shot                Conj/Erth      9%         9d3       99%         6

Inventory:

Armour
 a - a +0 robe (worn)
Jewellery
 C - a ring of protection from cold (left hand)
 F - a ring of fire
Wands
 i - a wand of acid (12)
Scrolls
 c - a scroll of enchant armour {unknown}
 d - 2 scrolls of poison {unknown}
 e - 2 scrolls of identify {unknown}
 g - 3 scrolls of teleportation {unknown}
 h - a scroll of blinking {unknown}
 j - a scroll of vulnerability {unknown}
Potions
 b - a potion of magic
 f - a potion of curing {unknown}
 k - a potion of might {unknown}
 l - a potion of haste {unknown}
 m - a potion of invisibility {unknown}

Dungeon Overview and Level Annotations

Branches:
Dungeon (4/15)
 Temple: D:4-7

Altars:
Elyvilon
Ru

Shops:
D:2

( .. .. .. .##.
... g#.. ....
... #....
).##..... #
#........
....###.g......
.......@)......
...............
............>.^
....#..........
... ##.........
.. ..##...... .
.. #..... ...
.....


You could see a gnoll bouda and a goblin.


Message History

(Press . to maintain the ray.)
The gnoll bouda barks out a call to the hunt!
The gnolls pick up the pace!
The searing ray hits the gnoll.
You kill the gnoll!
Casting: Searing Ray (safe; 1% risk of failure)
Confirm with . or Enter, or press ? or * to list all spells.
Restarting spell: Searing Ray (safe; 1% risk of failure)
Press: ? - help, Shift-Dir - straight line, f - gnoll
Aim: a gnoll, wielding a +0 club (covering ground quickly, 82% to hit)
The searing ray hits the gnoll.
The gnoll is moderately wounded. (Press . to maintain the ray.)
The gnoll hits you with a +0 club.
A goblin comes into view. It is wielding a +0 dagger.
The searing ray hits the gnoll!
You kill the gnoll!
The goblin shouts!
Casting: Searing Ray (safe; 1% risk of failure)
Confirm with . or Enter, or press ? or * to list all spells.
Restarting spell: Searing Ray (safe; 1% risk of failure)
Press: ? - help, Shift-Dir - straight line, f - giant cockroach
Aim: a giant cockroach (79% to hit)
The searing ray hits the giant cockroach!
You kill the giant cockroach! (Press . to maintain the ray.)
The gnoll bouda hits you with a +1 whip of electrocution!
You are electrocuted!!
Ouch! That really hurt!
You die...

Skill      XL: |  1  2  3  4  5 |
---------------+----------------+-----
Dodging        | 3 4 |  4.3
Spellcasting   | 4 5 |  5.1
Stealth        | 3 |  3.5
Conjurations   | 5 |  5.5
Hexes          | |  0.6

Action                   |  1- 3 |  4- 6 || total
-------------------------+-------+-------++-------
 Cast: Magic Dart        |   100 |    20 ||   120
       Searing Ray       |     1 |    11 ||    12
Armor: Robe              |     2 |       ||     2
Dodge: Dodged            |     2 |     1 ||     3

Levels and vault maps discovered:
D:1:      grunt_arrival_crossed_arrows, layout_rooms
D:2:      layout_basic, serial_shops, nicolae_shop_stone,
          ebering_ecumenical_altar_sacrificial, minmay_tromino_i4
D:3:      layout_basic, nicolae_overflow_two_pavilions, grunt_ministairs_9,
          nicolae_figureground_pulse, uniq_terence, uniq_natasha
D:4:      layout_cave_pools, minmay_temple_entry_offerings,
          nicolae_ossuary_entry_false_entrances

Notes
Turn   | Place    | Note
-------+----------+-------------------------------------------
     0 | D:1      | kingofthe the Deep Elf Conjurer began the quest for the
                  | Orb.
     0 | D:1      | Reached XP level 1. HP: 10/10 MP: 6/6
   246 | D:1      | Reached XP level 2. HP: 15/15 MP: 6/8
   252 | D:1      | Learned a level 2 spell: Searing Ray
   617 | D:1      | Reached skill level 3 in Dodging
   831 | D:1      | Reached XP level 3. HP: 19/19 MP: 6/10
  1089 | D:2      | Found a faded altar of an unknown god.
  1211 | D:2      | Reached skill level 4 in Spellcasting
  1310 | D:2      | Found Qagyshry's Weapon Emporium.
  1712 | D:3      | Reached skill level 3 in Stealth
  1850 | D:3      | Found a white marble altar of Elyvilon.
  1850 | D:3      | Found a sacrificial altar of Ru.
  1962 | D:3      | Reached XP level 4. HP: 24/24 MP: 10/12
  2080 | D:3      | Noticed Terence
  2086 | D:3      | Killed Terence
  2087 | D:3      | Reached skill level 5 in Conjurations
  2480 | D:3      | Noticed Natasha
  2488 | D:3      | Killed Natasha
  2489 | D:3      | Reached skill level 4 in Dodging
  2489 | D:3      | Reached XP level 5. HP: 28/28 MP: 3/14
  2632 | D:3      | Noticed Natasha
  2638 | D:3      | Killed Natasha
  2842 | D:3      | Found a white marble altar of Elyvilon.
  2842 | D:3      | Found a sacrificial altar of Ru.
  3046 | D:3      | Noticed Natasha
  3050 | D:3      | HP: 2/28 [Natasha (9)]
  3051 | D:3      | Killed Natasha
  3052 | D:3      | Reached skill level 5 in Spellcasting
  3569 | D:3      | Learned a level 4 spell: Fulminant Prism
  3577 | D:4      | Slain by a gnoll bouda

Vanquished Creatures
  A jelly (D:3)
  Natasha (thrice) (D:3)
  Terence (D:3)
  3 gnolls (D:4)
  2 worms
  2 orcs (D:3)
  7 endoplasms
  4 giant cockroaches
  6 goblins
  10 hobgoblins
  A quokka (D:2)
  5 ball pythons
  9 bats
  6 frilled lizards
  3 kobolds
  9 rats
72 creatures vanquished.

Table legend: (Time is in decaauts)
 A = Elapsed time spent in this place.
 B = Non-inter-level travel time spent in this place.
 C = Inter-level travel time spent in this place.
 D = Time resting spent in this place.
 E = Time spent auto-exploring this place.
 F = Levels seen in this place.
 G = Mean time per level.
                   A        B        C        D        E       F      G
               +--------+--------+--------+--------+--------+-----+--------+
         Total |   3575 |   3528 |     47 |    279 |   2956 |   4 |  893.8 |
       Dungeon |   3575 |   3528 |     47 |    279 |   2956 |   4 |  893.8 |
               +--------+--------+--------+--------+--------+-----+--------+

Top non-repeatable levels by time:
     D:3: 1958 daAuts
     D:1: 896 daAuts
     D:2: 713 daAuts
     D:4: 6 daAuts

Table legend:
 A = Non-vault XP
 B = Vault XP
 C = Vault XP percentage of total XP
 D = Non-vault monster count
 E = Vault monster count
 F = Vault count percentage of total count
                 A         B        C        D         E       F
            +---------+---------+-------+---------+---------+-------
      Total |     260 |      77 |  22.8 |      65 |       7 |   9.7
            +---------+---------+-------+---------+---------+-------
        D:1 |      42 |       0 |   0.0 |      27 |       0 |   0.0
        D:2 |      26 |       5 |  16.1 |      14 |       3 |  17.6
        D:3 |     148 |      72 |  32.7 |      20 |       4 |  16.7
        D:4 |      44 |       0 |   0.0 |       4 |       0 |   0.0
            +---------+---------+-------+---------+---------+-------
